cohdb
Replays
Latest Replays
All Replays
Popular Replays
Top Player Replays
Match Explorer
How It Works
Community
CoH3 Stats
Reddit
Sign in to upload your games and track your stats! →
Sign in with Steam
Match 47426091
Unlisted
Match 47426091
Overview
Messages
Build Orders
End
Vickers Machine Gun Team
Construct Section Command Post
Construct Section Command Post
Dingo Light Scout Car
Dingo Light Scout Car
Dingo Light Scout Car
Infantry Section
Grenade Package
Infantry Section
Construct Platoon Command Post
Construct Field Infirmary
Selects Indian Artillery Battlegroup
Selects Valour
Selects Gurkha Rifles Section
Gurkha Rifles Section
Construct Company Command Post
Crusader II Medium Tank
Foot Guards Section
Selects Volunteer Infantry
Unlock Towed 17-pounder Anti-tank Guns
17-pounder Anti-tank Gun Team
Crusader II Medium Tank
Crusader II Medium Tank
Selects Artillery Saturation
Selects Off-map Airburst Barrage
Off-map Airburst Barrage
Crusader II Medium Tank
Off-map Airburst Barrage
KрепкийOрешек
Royal Annihilator
heybuy
ah
0
0
Comments
sign in to comment!
No comments posted yet!